 Dungeon Crawl Stone Soup version 0.25.0-3-gd7cc5688da (webtiles) character file.

Game seed: 7854976191396084531

12 tilp the Caller (level 2, -1/13 HPs)
             Began as a Spriggan Summoner on June 15, 2020.
             Slain by a hobgoblin (4 damage)
             ... on level 1 of the Dungeon.
             The game lasted 00:01:24 (377 turns).

tilp the Caller (Spriggan Summoner)                  Turns: 377, Time: 00:01:24

Health: -1/13      AC:  2    Str:  4    XL:     2   Next: 20%
Magic:  3/6        EV: 18    Int: 16    God:
Gold:   0          SH:  0    Dex: 16    Spells: 3/6 levels left

rFire    . . .     SeeInvis +   a - +0 dagger
rCold    . . .     Gourm    .   (shield restricted)
rNeg     . . .     Faith    .   b - +0 robe
rPois    .         Spirit   .   (helmet restricted)
rElec    .         Reflect  .   (no cloak)
rCorr    .         Harm     .   (gloves unavailable)
MR       .....                  (boots unavailable)
Stlth    ++........             (no amulet)
HPRegen  0.04/turn              (no ring)
MPRegen  0.10/turn              (no ring)

@: very quick
A: very small, unfitting armour, see invisible, herbivore, speed 3, slow
metabolism 2
a: no special abilities


You were on level 1 of the Dungeon.
You were not hungry.

You visited 1 branch of the dungeon, and saw 1 of its levels.

Inventory:

Hand Weapons
 a - a +0 dagger (weapon)
Armour
 b - a +0 robe (worn)
Jewellery
 e - an uncursed amulet of reflection {unknown}
Scrolls
 d - a scroll of identify {unknown}
Comestibles
 c - a ration


   Skills:
 - Level 3.0 Dodging
 - Level 3.0 Stealth
 - Level 2.6 Spellcasting
 + Level 3.7 Summonings


You had 3 spell levels left.
You knew the following spells:

 Your Spells              Type           Power        Failure   Level  Hunger
a - Summon Small Mammal   Summ           ##..         4%          1    #......
b - Call Imp              Summ           ##......     6%          2    ##.....

Your spell library contained the following spells:

 Spells                   Type           Power        Failure   Level  Hunger
 Call Canine Familiar     Summ           ##......     12%         3    ###....
 Summon Guardian Golem    Hex/Summ       #.......     26%         3    ###....
 Summon Ice Beast         Ice/Summ       #.......     65%         4    #####..
 Summon Lightning Spire   Summ/Air       #.......     65%         4    #####..


Dungeon Overview and Level Annotations

Branches:
Dungeon (1/15)

Altars:


Innate Abilities, Weirdness & Mutations

You are very small and have problems with some larger weapons.
You are too small for most types of armour.
You have supernaturally acute eyesight. (SInv)
You are a herbivore.
You cover ground extremely quickly.
You need to consume almost no food.


Message History

Casting: Summon Small Mammal (safe; 4% risk of failure)
Confirm with . or Enter, or press ? or * to list all spells.
The bat closely misses your crimson imp.
Your bat hits the bat.
The bat dies!
Your bat hits the hobgoblin but does no damage.
You barely miss the rat.
The rat is moderately wounded.
Your bat barely misses the rat.
Your bat hits the hobgoblin but does no damage.
The hobgoblin barely misses your bat.
Your crimson imp hits the rat.
The rat barely misses you.
Your quokka misses the rat.
Your bat barely misses the rat.
You hit the rat.
You kill the rat!
Unknown command.
You closely miss the hobgoblin.
Your bat hits the hobgoblin but does no damage.
The hobgoblin hits you.
You die...

.....####...#####
###.###...........###
#...............(.... ##
#####.#.###...........###
b..##..........###....#.###
.....#..#.†#.# #....#.#
#.##.)#>.#b.#.# #....#.#
#........g.5#.# #....#.#
####..#.##g@#.###.#.##.#
#......r.#..........#
...[...........####.####
........######.# #.#
..######## ..# ... # .#..
..# #...## . . ... .. ..
.##


You could see 2 hobgoblins, a friendly crimson imp (summoned), a friendly quokka
(summoned) and a friendly bat (summoned).

Vanquished Creatures
  A giant cockroach (D:1)
  2 kobolds (D:1)
  3 rats (D:1)
6 creatures vanquished.

Vanquished Creatures (collateral kills)
  A dart slug (D:1)
  A giant cockroach (D:1)
  A hobgoblin (D:1)
  2 bats (D:1)
  2 rats (D:1)
7 creatures vanquished.

Grand Total: 13 creatures vanquished

Notes
Turn   | Place    | Note
-------+----------+-------------------------------------------
     0 | D:1      | tilp the Spriggan Summoner began the quest for the Orb.
     0 | D:1      | Reached XP level 1. HP: 9/9 MP: 5/5
   338 | D:1      | Reached XP level 2. HP: 12/13 MP: 6/6
   342 | D:1      | Learned a level 2 spell: Call Imp
   377 | D:1      | Slain by a hobgoblin

Illustrated notes

Levels and vault maps discovered:
D:1:      psy_arrival_terrarium, layout_loops_cross, minmay_tripent

Action                   || total
-------------------------++-------
Melee: Dagger            ||    66
 Cast: Summon Small Mamm ||     9
       Call Imp          ||     1
 Stab: Distracted        ||     2
Armor: Robe              ||     9
Dodge: Dodged            ||    76
